 Dungeon Crawl Stone Soup version 0.29-a0-998-g1987434951 (webtiles) character file.

Game seed: 6123646309755936132

231 Newt the Insei (level 5, 0/37 HPs)
             Began as a Demonspawn Transmuter on Aug 5, 2022.
             Was an Initiate of Hepliaklqana.
             Slain by a gnoll
             ... wielding a +0 spear
              (8 damage)
             ... on level 4 of the Dungeon.
             The game lasted 00:05:28 (2615 turns).

Newt the Insei (Demonspawn Transmuter)              Turns: 2615, Time: 00:05:29

Health: 0/37       AC:  3    Str: 12    XL:     5   Next: 73%
Magic:  7/9        EV: 12    Int: 14    God:    Hepliaklqana [......]
Gold:   169        SH:  4    Dex: 14    Spells: 7/10 levels left

rFire   . . .      SeeInvis .     - Unarmed
rCold   . . .      Faith    .   (no shield)
rNeg    . . .      Spirit   .   a - +0 robe
rPois   .          Reflect  .   (helmet currently unavailable)
rElec   .          Harm     .   d - +0 cloak
rCorr   .          Rampage  .   (no gloves)
Will    .....                   (boots currently unavailable)
Stlth   ++........              (no amulet)
HPRegen 0.12/turn               (no ring)
MPRegen 0.11/turn               (no ring)

@: appendages (expiring), wereblooded
A: horns 2, talons 2, large bone plates 1, demonic guardian 1, spiny 2
a: End Transformation, Renounce Religion


You were on level 4 of the Dungeon.
You worshipped Hepliaklqana.
Hepliaklqana was noncommittal.
You had temporarily grown beastly horns and talons.
You visited 1 branch of the dungeon, and saw 4 of its levels.

You collected 169 gold pieces.

Inventory:

Armour
 a - a +0 robe (worn)
 c - the +1 leather armour of Nifiacesh {rPois rC+ Regen+ Dex-3}
   (You found it on level 2 of the Dungeon)

   Dex:       It affects your dexterity (-3).
   rC:        It protects you from cold.
   rPois:     It protects you from poison.
   Regen:     It increases your rate of health regeneration.
 d - a +0 cloak (worn)
Jewellery
 j - a ring of ice
Wands
 m - a wand of flame (24)
 o - a wand of roots (3)
 q - a wand of digging (7)
Scrolls
 g - 2 scrolls of teleportation {unknown}
 k - a scroll of fog {unknown}
 n - a scroll of noise {unknown}
 r - a scroll of identify
Potions
 b - a potion of mutation {unknown}
 e - 3 potions of heal wounds
 f - a potion of flight
 i - a potion of might
 l - a potion of invisibility {unknown}
 p - a potion of berserk rage {unknown}


   Skills:
 + Level 1.2 Fighting
 + Level 2.6 Dodging
 - Level 0.7 Stealth
 + Level 4.0 Unarmed Combat
 - Level 3.1 Spellcasting
 - Level 3.0 Transmutations
 * Level 0.3 Poison Magic


You had 7 spell levels left.
You knew the following spells:

 Your Spells              Type           Power      Damage    Failure   Level
a - Beastly Appendage     Tmut           20%        N/A       6%          1
b - Wereblood             Tmut           10%        N/A       10%         2

Your spell library contained the following spells:

 Spells                   Type           Power      Damage    Failure   Level
 Spider Form              Tmut/Pois      6%         N/A       32%         3
 Inner Flame              Hex/Fire       2%         N/A       54%         3
 Ice Form                 Ice/Tmut       6%         N/A       75%         4
 Cause Fear               Hex            1%         N/A       91%         4
 Discord                  Hex            1%         N/A       100%        8


Dungeon Overview and Level Annotations

Branches:
Dungeon (4/15)
 Temple: D:4-7

Altars:
Hepliaklqana

Shops:
D:1 (


Innate Abilities, Weirdness & Mutations

You have temporarily grown beastly horns and talons.
You are partially covered in large bone plates. (SH +4)
A weak demonic guardian rushes to your aid.
You are mostly covered in sharp spines.


Message History

The gnoll is struck by your spines.
You feel a bit better.
You kill the gnoll!
You barely miss the gnoll. Your kick misses the gnoll.
Your headbutt misses the gnoll.
Your transformation is almost over.
The gnoll barely misses you. You block the gnoll's attack.
You closely miss the gnoll. You claw the gnoll.
The gnoll is moderately wounded.
The gnoll is struck by your spines. The gnoll hits you with a +0 club.
The gnoll hits you from afar with a +0 spear.
You hit the gnoll but do no damage.
The gnoll is severely wounded.
You howl as the wereblood boils in your veins!
The gnoll misses you. You block the gnoll's attack.
You hit the gnoll but do no damage.
The gnoll is severely wounded.
The gnoll hits you with a +0 club.
The gnoll hits you from afar with a +0 spear.
You hit the gnoll but do no damage. Your kick misses the gnoll.
Your punch misses the gnoll.
The gnoll is severely wounded.
The gnoll barely misses you. You block the gnoll's attack.
You hit the gnoll but do no damage. Your headbutt misses the gnoll.
The gnoll is severely wounded.
The gnoll hits you from afar with a +0 spear.
The gnoll is struck by your spines.
You feel a bit better.
You kill the gnoll!
Your Unarmed Combat skill increases to level 4!
Unknown command.
The gnoll hits you from afar with a +0 spear!
A demonic guardian appears!
The kobold closely misses you. The gnoll misses you.
Things that are here:
a +0 club; a +0 spear; a gnoll corpse You barely miss the gnoll.
You claw the gnoll, but do no damage.
Your ufetubus hits the gnoll. x2; You block the kobold's attack.
The gnoll is struck by your spines. The gnoll hits you with a +0 spear!
* * * LOW HITPOINT WARNING * * *
The gnoll hits you from afar with a +0 spear!
You die...

#..#g ##...
..... #####...
....... #(..)#
#...g# #.5gK#
#.###@# #.
#.#####.#.##
#...........
####.#####.#..#
#....## #.#
##### #.....# #
#.# #....
####.....#
#.##.###....
.........#
#.......)...
#####..#)##
####.###<...


You could see 2 gnolls, a kobold and a friendly ufetubus (summoned).

Vanquished Creatures
  Blork the orc (D:4)
  Robin (D:3)
  2 gnolls (D:4)
  4 adders
  A worm (D:2)
  2 dart slugs
  An orc (D:3)
  4 ball pythons
  2 bats (D:1)
  4 endoplasms
  A giant cockroach (D:1)
  5 hobgoblins
  2 jackals (D:3)
  10 kobolds
  3 quokkas
  2 frilled lizards
  15 goblins
  6 rats
66 creatures vanquished.

Vanquished Creatures (collateral kills)
  Ijyb (D:3)
1 creature vanquished.

Vanquished Creatures (others)
  5 plants (D:3)
5 creatures vanquished.

Grand Total: 72 creatures vanquished

Notes
Turn   | Place    | Note
-------+----------+-------------------------------------------
     0 | D:1      | Newt the Demonspawn Transmuter began the quest for the Orb.
     0 | D:1      | Reached XP level 1. HP: 15/15 MP: 3/3
   210 | D:1      | Gained mutation: A weak demonic guardian rushes to your
                  | aid. [demonic ancestry]
   210 | D:1      | Reached XP level 2. HP: 21/21 MP: 3/5
   291 | D:1      | Learned a level 2 spell: Wereblood
   345 | D:1      | Found a faded altar of an unknown god.
   478 | D:1      | Found Obas's Weapon Emporium.
   664 | D:2      | Reached skill level 3 in Unarmed Combat
   765 | D:2      | Gained mutation: You are partially covered in sharp spines.
                  | [demonic ancestry]
   765 | D:2      | Reached XP level 3. HP: 26/26 MP: 1/6
   978 | D:2      | Identified the +1 leather armour of Nifiacesh {rPois rC+
                  | Regen+ Dex-3}
  1107 | D:2      | Found a hazy altar of Hepliaklqana.
  1313 | D:2      | Became a worshipper of Hepliaklqana the Forgotten
  1642 | D:3      | Noticed Robin
  1671 | D:3      | Killed Robin
  1672 | D:3      | Gained mutation: You are mostly covered in sharp spines.
                  | [demonic ancestry]
  1672 | D:3      | Reached XP level 4. HP: 28/32 MP: 5/7
  1733 | D:3      | Noticed Ijyb
  1742 | D:3      | Killed Ijyb
  2347 | D:4      | Noticed Blork the orc
  2360 | D:4      | Killed Blork the orc
  2361 | D:4      | Gained mutation: You are partially covered in large bone
                  | plates. (SH +4) [demonic ancestry]
  2361 | D:4      | Reached XP level 5. HP: 30/37 MP: 5/9
  2614 | D:4      | Reached skill level 4 in Unarmed Combat
  2615 | D:4      | Slain by a gnoll

Illustrated notes

Levels and vault maps discovered:
D:1:      dpeg_arrival_tiny_a, layout_basic, serial_shops,
          nicolae_shop_statue_plus, ebering_ecumenical_altar_mist,
          chequers_serial_rivers_micro_e
D:2:      layout_rooms, basic_altar
D:3:      layout_rooms, lexackson_kobold_supper, uniq_ijyb, uniq_robin
D:4:      layout_loops_ring, minmay_temple_entry_stoned_glass, minivault_24,
          minmay_quantized, uniq_blork_the_orc

Skill      XL: |  1  2  3  4  5 |
---------------+----------------+-----
Dodging        | 2 |  2.6
Transmutations | 2 3 |  3.0
Unarmed Combat | 3 4 |  4.0
Spellcasting   | 3 |  3.1
Fighting       | |  1.2
Stealth        | |  0.7
Poison Magic   | |  0.3

Action                   |  1- 3 |  4- 6 || total
-------------------------+-------+-------++-------
Melee: Unarmed           |    79 |    53 ||   132
       Kick              |    13 |     8 ||    21
       Headbutt          |     9 |     4 ||    13
       Punch             |     1 |     1 ||     2
 Cast: Beastly Appendage |    17 |     7 ||    24
       Wereblood         |     4 |     4 ||     8
  Use: Scroll            |     4 |       ||     4
       Potion            |       |     2 ||     2
 Stab: Sleeping          |     1 |       ||     1
Armor: Robe              |    12 |     6 ||    18
       Skin              |       |     4 ||     4
Dodge: Dodged            |    46 |    18 ||    64
Block: Other             |       |     5 ||     5

Table legend: (Time is in decaauts)
 A = Elapsed time spent in this place.
 B = Non-inter-level travel time spent in this place.
 C = Inter-level travel time spent in this place.
 D = Time resting spent in this place.
 E = Time spent auto-exploring this place.
 F = Levels seen in this place.
 G = Mean time per level.
                   A        B        C        D        E       F      G
               +--------+--------+--------+--------+--------+-----+--------+
         Total |   2588 |   2340 |    248 |     83 |   1873 |   4 |  647.0 |
       Dungeon |   2588 |   2340 |    248 |     83 |   1873 |   4 |  647.0 |
               +--------+--------+--------+--------+--------+-----+--------+

Top non-repeatable levels by time:
     D:3: 994 daAuts
     D:2: 693 daAuts
     D:1: 652 daAuts
     D:4: 248 daAuts
